cohdb
Replays
Latest Replays
All Replays
Popular Replays
Top Player Replays
Match Explorer
How It Works
Community
CoH3 Stats
Reddit
Sign in to upload your games and track your stats! →
Sign in with Steam
Match 41911206
Unlisted
Match 41911206
Overview
Messages
Build Orders
End
Construct Barracks
Engineer Squad
Selects Special Operations Battlegroup
Selects M29 Weasel Recon Vehicle
M29 Weasel Recon Vehicle
Riflemen Squad
Riflemen Squad
Grenade Package
Construct Medical Station
Selects Raiding Flares
Mechanized Support Center
Riflemen Squad
M1918 Browning Automatic Rifles
Selects SSF Commando Squad
SSF Commando Squad
Construct Motor Pool
M24 Chaffee Light Tank
Improvised Armor
Engineer Squad
Selects Air Re-supply Operation
M3 75 mm Gun Motor Carriage
Raiding Flares
M1 Anti-tank Gun Team
Construct Tank Depot
Selects Mark Vehicle
Selects UNKNOWN (2162291)
Construct Weapon Support Center
M18 Hellcat Tank Destroyer
AI Takeover
Moose
SkuFF'
CPU - VERY EASY
DoyleNote
patric
I'm Whale
A KRAUT
563929817
0
0
Comments
sign in to comment!
No comments posted yet!